AoeStats
← Caba da Muleste da Paçoca

Arabia

506148922Analyzed
1v1 RM · 21d ago on Sep 12, 2026· 16m 40s· 2 players
Game mode
Random Map
Map size
Tiny (2 player)
Population
200
Speed
Normal
Resources
Standard
Victory
Conquest
Starting age
Dark Age
Ending age
Imperial Age
RankedLock teamsTeams togetherTeam positionsShared explorationLock speedFull tech treeHidden civsTurbo modeCheats
Victory
Defeat
🇬🇪 Goths · Georgia
859
+17
877
-17
Ts1ba
10:17 Feudal Age
10:25 Man-at-Arms
Caba da Muleste da Paçoca
8:19 Loom
10:34 Feudal Age
11:33 Double-Bit Axe
11:48 Horse Collar
13:30 Man-at-Arms
16:24 Scale Mail Armor
16:15 Fletching
Connection lost

Rejoining the realm…

Still unreachable

The connection could not be restored.

Session expired

The server has moved on; the page needs a fresh start.